 Dungeon Crawl Stone Soup version 0.20-a0-544-g2b9a704 (webtiles) character file.

47679 Messajah the Warrior (level 14, -2/137 HPs)
             Began as a Minotaur Berserker on Feb 1, 2017.
             Was the Champion of Trog.
             Slain by an eight-headed hydra (9 damage)
             ... on level 2 of the Swamp.
             The game lasted 01:07:47 (20019 turns).

Messajah the Warrior (Minotaur Berserker)          Turns: 20019, Time: 01:07:47

Health: -2/137     AC: 18    Str: 26    XL:     14   Next: 9%
Magic:  13/13      EV: 18    Int:  4    God:    Trog [******]
Gold:   881        SH:  8    Dex: 22    Spells: 13/13 levels left

rFire    x . .     SeeInvis .   x - +10 long sword "Wucki Eghy" {elec, Dex+6}
rCold    + + .     Gourm    .   b - +0 plate armour
rNeg     . . .     Faith    +   X - +2 buckler {rC+}
rPois    .         Spirit   .   (helmet restricted)
rElec    .         Reflect  .   r - +0 cloak
rCorr    .         Harm     .   (no gloves)
MR       +....                  f - +0 pair of boots
Stlth    ..........             N - amulet of faith
Regen    0.4/turn               R - +5 ring of strength
                                I - ring of ice

@: lethally poisoned (-2 -> -192), exhausted, slowed, very slow
A: retaliatory headbutt, horns 2
a: Berserk, Trog's Hand, Brothers in Arms, Burn Spellbooks, Renounce Religion


You were on level 2 of the Swamp.
You worshipped Trog.
Trog was exalted by your worship.
You were not hungry.

You visited 3 branches of the dungeon, and saw 17 of its levels.
You also visited: Ice Cave.

You collected 881 gold pieces.

Inventory:

Hand Weapons
 x - the +10 long sword "Wucki Eghy" (weapon) {elec, Dex+6}
   (You found it on level 6 of the Dungeon)

   Occasionally, upon striking a foe, it will discharge some electrical energy
   and cause terrible harm.
   It affects your dexterity (+6).
 O - a +2 demon blade of electrocution
Missiles
 q - 6 javelins of penetration (quivered)
 t - 3 throwing nets
Armour
 b - a +0 plate armour (worn)
 f - a +0 pair of boots (worn)
 r - a +0 cloak (worn)
 V - a +0 troll leather armour
 X - a +2 buckler of cold resistance (worn)
Jewellery
 E - an uncursed ring of ice
 I - a ring of ice (left hand)
 N - an amulet of faith (around neck)
 P - an uncursed ring of resist corrosion
 R - a +5 ring of strength (right hand)
Wands
 o - a wand of random effects (29/48)
 s - a wand of disintegration (8/24)
 B - a wand of digging (13/24)
 F - a wand of disintegration (6/24)
 G - a wand of lightning (10/15)
 M - a wand of iceblast (4/15)
 Q - a wand of random effects (10/48)
 T - a wand of paralysis (6/24)
 U - a wand of scattershot (6/9)
 Y - a wand of confusion (13/48)
 Z - a wand of iceblast (7/15)
Scrolls
 d - 3 scrolls of fear {unknown}
 i - 3 scrolls of remove curse
 j - a scroll of noise {unknown}
 n - 3 scrolls of fog
 p - 11 scrolls of teleportation
 v - 2 scrolls of immolation {unknown}
 w - 4 scrolls of amnesia {unknown}
 y - 4 scrolls of magic mapping
 H - 2 scrolls of blinking {unknown}
 K - a scroll of summoning {unknown}
 L - 3 scrolls of enchant armour {unknown}
 W - a scroll of recharging {unknown}
Potions
 a - 3 potions of heal wounds
 e - 7 potions of curing
 g - 3 potions of flight
 h - a potion of magic {unknown}
 k - 5 potions of lignification
 l - 3 potions of cancellation
 m - 3 potions of mutation
 u - a potion of beneficial mutation
 z - a potion of brilliance {unknown}
 A - a potion of haste {unknown}
 D - 2 potions of agility
 J - a potion of might {unknown}
 S - a potion of cure mutation {unknown}
Comestibles
 c - 9 bread rations
 C - 4 meat rations


   Skills:
 - Level 16.0 Fighting
 - Level 14.0 Long Blades
 - Level 11.4 Armour
 * Level 14.6 Dodging
 - Level 4.1 Shields


You had 13 spell levels left.
You didn't know any spells.

Dungeon Overview and Level Annotations

Branches:
Dungeon (9/15)             Temple (0/1) D:7            Lair (6/6) D:9
  Swamp (1/4) Lair:3       Spider (0/4) Lair:2        Slime (0/5) Lair:6
    Orc: D:9-12

Altars:
Ashenzari
Okawaru
Sif Muna
Trog

Shops:
D:6 }


Innate Abilities, Weirdness & Mutations

You reflexively headbutt those who attack you in melee.
You have a pair of horns on your head.


Message History

The bog body closely misses you.
The swamp dragon bites you but does no damage.
You block the swamp dragon's attack. The swamp dragon misses you.
The five-headed hydra closely misses you.
You furiously retaliate!
You headbutt the five-headed hydra!
You riposte.
Your unstable footing causes you to fumble your attack.
You block the five-headed hydra's attack.
The five-headed hydra bites you but does no damage.
The five-headed hydra barely misses you.
The five-headed hydra closely misses you.
You see here a hornet corpse.
You slice the swamp dragon!! You headbutt the swamp dragon!
The swamp dragon is severely wounded.
* * * LOW HITPOINT WARNING * * *
You feel extremely sick.
The eight-headed hydra bites you but does no damage.
You block the eight-headed hydra's attack.
The eight-headed hydra bites you but does no damage. x2
The eight-headed hydra bites you!
You die...

♣♣♣≈≈#
.≈....
♣....≈≈
≈...♣.≈
♣♣≈..≈.≈§
♣≈.≈.≈≈#.
♣♣.n.≈≈≈.≈
♣.@D.≈≈≈#≈
♣.DD..≈≈.♣
♣♣♣♣♣♣..≈#
.≈≈ ≈


You could see an eight-headed hydra, a five-headed hydra, a swamp dragon and a
bog body.

Vanquished Creatures
  10 hydras
  2 catoblepae (Lair:6)
  3 two-headed ogres
  8 death yaks
  A deep troll shaman (Lair:6)
  The ghost of kroki the Covert, a novice OpTm of Hepliaklqana (D:8)
  A swamp dragon (Swamp:2)
  A shambling mangrove (Swamp:1)
  Pikel (D:7)
  A necromancer (IceCv)
  4 black mambas
  3 elephants (Lair:6)
  Joseph (D:7)
  A torpor snail (Lair:4)
  An ice statue (IceCv)
  4 spiny frogs
  5 komodo dragons
  10 freezing wraiths (IceCv)
  3 polar bears (Lair:6)
  A tyrant leech (Swamp:1)
  Grinder (D:3)
  A hornet (Swamp:2)
  8 blink frogs
  2 bog bodies (Swamp:1)
  4 hippogriffs
  5 dream sheep (Lair:4)
  6 slime creatures (Swamp:1)
  2 wyverns (Lair:2)
  A tarantella (Lair:2)
  A shadow (D:9)
  7 basilisks
  19 yaks
  A steam dragon (Lair:5)
  4 vampire mosquitoes (Swamp:1)
  5 swamp worms (Lair:3)
  4 insubstantial wisps (Swamp:1)
  15 water moccasins
  7 porcupines
  2 orc warriors
  7 ice beasts
  4 swamp drakes
  A black bear (Lair:2)
  A sky beast (D:8)
  13 wolves
  A phantom (D:7)
  3 centaurs
  4 ogres
  11 crocodiles
  2 big kobolds (D:8)
  20 bullfrogs
  3 scorpions
  An elephant simulacrum (IceCv)
  3 killer bees (D:8)
  2 electric eels
  5 howler monkeys
  3 crimson imps (D:9)
  2 bullfrog zombies (D:8)
  3 hounds (D:9)
  5 draconian simulacra (IceCv)
  2 jellies
  Crazy Yiuf (D:3)
  2 orc priests
  14 orc wizards
  Ijyb (D:3)
  2 iguanas (D:5)
  6 worker ants
  2 troll simulacra (IceCv)
  2 polar bear simulacra (IceCv)
  3 spriggan simulacra (IceCv)
  A wolf simulacrum (IceCv)
  5 centaur simulacra (IceCv)
  A hound zombie (D:5)
  A hound skeleton (D:5)
  3 gnolls (D:7)
  A howler monkey skeleton (D:4)
  3 adders
  3 naga simulacra (IceCv)
  2 ogre simulacra (IceCv)
  3 shadow imps
  24 white imps
  An ooze (D:2)
  3 worms
  A dart slug (D:2)
  2 leopard geckos
  26 orcs
  3 giant cockroaches
  9 goblins
  12 hobgoblins
  6 jackals
  7 quokkas
  A ball python (D:5)
  3 bats
  A frilled lizard (D:5)
  18 kobolds
  A quokka zombie (D:6)
  5 rats
432 creatures vanquished.

Vanquished Creatures (others)
  A slave (D:9)
  An orc wizard (D:4)
  7 fungi
  2 plants
11 creatures vanquished.

Grand Total: 443 creatures vanquished

Notes
Turn   | Place    | Note
-------+----------+-------------------------------------------
     0 | D:1      | Messajah the Minotaur Berserker began the quest for the Orb.
     0 | D:1      | Reached XP level 1. HP: 19/19 MP: 0/0
   669 | D:1      | Reached XP level 2. HP: 26/26 MP: 1/1
  1297 | D:2      | Reached skill level 5 in Long Blades
  1298 | D:2      | Reached XP level 3. HP: 28/31 MP: 2/2
  1364 | D:2      | Found a shattered altar of Ashenzari.
  1797 | D:2      | Reached ** piety under Trog
  1968 | D:3      | Noticed Grinder
  1979 | D:3      | Reached XP level 4. HP: 17/39 MP: 3/3
  1984 | D:3      | Killed Grinder
  1984 | D:3      | Reached XP level 5. HP: 32/45 MP: 4/4
  1984 | D:3      | Reached XP level 6. HP: 36/51 MP: 5/5
  2349 | D:3      | Noticed Ijyb
  2355 | D:3      | Killed Ijyb
  2571 | D:3      | Found a runed door.
  2575 | D:3      | Noticed Crazy Yiuf
  2585 | D:3      | Killed Crazy Yiuf
  3601 | D:4      | Reached XP level 7. HP: 57/57 MP: 6/6
  3884 | D:5      | Entered Level 5 of the Dungeon
  3988 | D:5      | HP: 1/57 [ogre/giant spiked club (26)]
  3989 | D:5      | Reached skill level 10 in Long Blades
  4003 | D:5      | HP: 2/57 [jackal (1)]
  5094 | D:5      | Found a bloodstained altar of Trog.
  5169 | D:5      | Reached *** piety under Trog
  5474 | D:5      | Reached skill level 5 in Armour
  5474 | D:5      | Reached XP level 8. HP: 54/64 MP: 7/7
  6112 | D:6      | Found a deep blue altar of Sif Muna.
  6452 | D:6      | Found Asotyso's Gadget Emporium.
  6460 | D:6      | Got a transparent long sword
  6461 | D:6      | Identified the +10 long sword "Wucki Eghy" {elec, Dex+6} (You found it on level 6 of the Dungeon)
  6863 | D:7      | Reached skill level 4 in Fighting
  6996 | D:7      | Reached XP level 9. HP: 72/72 MP: 8/8
  7165 | D:7      | Found a staircase to the Ecumenical Temple.
  7248 | D:7      | Noticed Joseph
  7256 | D:7      | Killed Joseph
  7256 | D:7      | Reached skill level 5 in Fighting
  7337 | D:7      | Noticed Pikel
  7344 | D:7      | Killed Pikel
  7344 | D:7      | Reached skill level 6 in Fighting
  7344 | D:7      | Reached skill level 5 in Dodging
  7574 | D:8      | Noticed a two-headed ogre
  7726 | D:8      | Reached skill level 7 in Fighting
  7737 | D:8      | Reached **** piety under Trog
  8178 | D:8      | Noticed kroki's ghost (novice OpTm)
  8184 | D:8      | Killed kroki's ghost
  8184 | D:8      | Reached skill level 8 in Fighting
  8184 | D:8      | Reached XP level 10. HP: 90/90 MP: 9/9
  8366 | D:8      | Killed a two-headed ogre
  8366 | D:8      | Reached skill level 9 in Fighting
  8626 | D:9      | Noticed a two-headed ogre
  8639 | D:9      | Killed a two-headed ogre
  9247 | D:9      | Found a staircase to the Lair.
  9417 | D:9      | Reached ***** piety under Trog
  9793 | D:9      | Noticed a two-headed ogre
  9801 | D:9      | Killed a two-headed ogre
  9801 | D:9      | Reached XP level 11. HP: 54/97 MP: 10/10
 10365 | Lair:1   | Entered Level 1 of the Lair of Beasts
 10882 | Lair:1   | Reached skill level 10 in Fighting
 11339 | Lair:2   | Received a gift from Trog
 11518 | Lair:2   | Reached skill level 11 in Fighting
 11932 | Lair:2   | Found a hole to the Spider Nest.
 12424 | Lair:2   | Reached skill level 12 in Fighting
 12678 | Lair:3   | Found a staircase to the Swamp.
 12885 | Lair:3   | Reached skill level 13 in Fighting
 13631 | Lair:3   | Reached skill level 14 in Fighting
 13631 | Lair:3   | Reached XP level 12. HP: 110/117 MP: 11/11
 15076 | Lair:4   | Reached skill level 15 in Fighting
 15125 | Lair:4   | Noticed a death yak
 15126 | Lair:4   | Noticed a death yak
 15132 | Lair:4   | Killed a death yak
 15138 | Lair:4   | Killed a death yak
 15352 | Lair:5   | Found a frozen archway.
 15357 | Lair:5   | Received a gift from Trog
 15397 | IceCv    | Entered an ice cave
 15499 | IceCv    | Received a gift from Trog
 15553 | IceCv    | Reached skill level 16 in Fighting
 15798 | IceCv    | Reached skill level 10 in Armour
 15955 | IceCv    | Found an ancient bone altar of Kikubaaqudgha.
 15970 | IceCv    | Received a gift from Trog
 16391 | IceCv    | Reached ****** piety under Trog
 16600 | Lair:5   | Reached skill level 1 in Shields
 17375 | Lair:6   | Entered Level 6 of the Lair of Beasts
 17441 | Lair:6   | Received a gift from Trog
 17451 | Lair:6   | Reached XP level 13. HP: 126/128 MP: 12/12
 17654 | Lair:6   | Reached skill level 10 in Dodging
 18237 | Lair:6   | Found a staircase to the Slime Pits.
 18293 | Lair:6   | Found an iron altar of Okawaru.
 19055 | Swamp:1  | Entered Level 1 of the Swamp
 19872 | Swamp:1  | Reached XP level 14. HP: 108/137 MP: 13/13
 19995 | Swamp:1  | You fall through a shaft!
 20008 | Swamp:2  | Received a gift from Trog
 20019 | Swamp:2  | Slain by an eight-headed hydra

Vault maps used:
D:1:      evilmike_arrival_rings
D:2:      st_stairs_1, nicolae_ashenzari_panopticon
D:3:      uniq_iyjb, uniq_grinder, uniq_crazy_yiuf_cottage
D:5:      first_bread, bloody_trog
D:6:      kennysheep_orc_sif_temple, serial_shops, kennysheep_mini
D:7:      temple_hall, serial_glass, glass_columns_b, glass_columns_a,
          grunt_ogre_cave, uniq_joseph, uniq_pikel
D:9:      erik_lair_dragon
Lair:2:   spider_nest_entry_rubble, serial_bayou_shore_a
Lair:3:   nicolae_swamp_entry_splash_gauntlet
Lair:4:   minmay_hedge_maze, nicolae_quartered_pool_medium, grunt_megastairs_2
Lair:5:   portal_ice_cave_entry_imps
Lair:6:   grunt_lair_end_beastmaster, dpeg_slime_entry_corner, basic_altar,
          minmay_lindwurm_lava
Swamp:1:  serial_swamp_ruin, evilmike_swamp_ruin_house_1,
          evilmike_swamp_ruin_house_2, evilmike_swamp_ruin_rubble_1,
          infiniplex_staircase_pool_2
Swamp:2:  evilmike_swamp_ruin_house_3, nicolae_swamp_trees_clearing,
          swamp_pool3, st_swamp_ruins_1
IceCv:    ice_cave_small_necro

Skill      XL: |  1  2  3  4  5  6  7  8  9 10 11 12 13 |
---------------+----------------------------------------+-----
Long Blades    | 4 5 8 9 10 13 14 | 14.0
Armour         | 5 9 11 | 11.4
Fighting       | 4 8 9 14 16 | 16.0
Dodging        | 3 7 8 14 | 14.6
Shields        | 4 |  4.1

Action                   |  1- 3 |  4- 6 |  7- 9 | 10-12 | 13-15 || total
-------------------------+-------+-------+-------+-------+-------++-------
Melee: Falchion          |    61 |   104 |   238 |       |       ||   403
       Headbutt          |     9 |    17 |    43 |   124 |   100 ||   293
       Long sword        |       |       |    98 |   535 |   211 ||   844
Throw: Javelin           |       |       |       |     4 |       ||     4
Invok: Berserk           |       |     3 |     5 |     4 |     3 ||    15
       Burn Spellbooks   |       |       |       |     1 |     1 ||     2
  Use: Scroll            |       |       |       |    20 |     1 ||    21
       Potion            |       |       |       |       |     2 ||     2
 Stab: Petrifying        |       |       |       |       |     1 ||     1
  Eat: Chunk             |     3 |     7 |    16 |    16 |     1 ||    43
       Royal jelly       |       |     1 |       |     2 |       ||     3
       Fruit             |       |       |     3 |     7 |       ||    10
       Bread ration      |       |       |       |     1 |     2 ||     3
       Meat ration       |       |       |       |     1 |       ||     1
Armor: Leather armour    |    11 |     6 |       |       |       ||    17
       Animal skin       |     3 |       |       |       |       ||     3
       Scale mail        |       |    19 |     2 |       |       ||    21
       Ring mail         |       |    11 |       |       |       ||    11
       Chain mail        |       |       |    41 |       |       ||    41
       Skin              |       |       |     1 |       |       ||     1
       Plate armour      |       |       |   120 |   245 |   119 ||   484
Dodge: Dodged            |    39 |    58 |    94 |   220 |   163 ||   574
Block: Buckler           |       |       |       |    16 |    87 ||   103
       Rpst.: Falchion   |    12 |    13 |    21 |       |       ||    46
       Long sword        |       |       |     7 |    54 |    19 ||    80
